 Dungeon Crawl Stone Soup version 0.21.1-1-g345015fe64 (webtiles) character file.

10565 Oravi the Transmogrifier (level 11, 0/84 HPs)
             Began as a Merfolk Transmuter on May 4, 2018.
             Was a High Priest of Okawaru.
             Slain by an eight-headed hydra (15 damage)
             ... on level 11 of the Dungeon.
             The game lasted 00:47:14 (13371 turns).

Oravi the Transmogrifier (Merfolk Transmuter)      Turns: 13371, Time: 00:47:15

Health: 0/84       AC:  4    Str: 11    XL:     11   Next: 64%
Magic:  8/20       EV: 18    Int: 15    God:    Okawaru [*****.]
Gold:   550        SH:  6    Dex: 15    Spells: 0/23 levels left

rFire    . . .     SeeInvis .     - Unarmed
rCold    + . .     Gourm    .   (no shield)
rNeg     . . .     Faith    .   b - +1 robe
rPois    .         Spirit   .   t - +0 helmet
rElec    .         Reflect  +   (no cloak)
rCorr    .         Harm     .   (no gloves)
MR       .....                  (no boots)
Stlth    +.........             e - +6 amulet of reflection
HPRegen  0.24/turn              (no ring)
MPRegen  0.17/turn              F - ring of protection from cold

@: no status effects
A: change form in water, swift swim, stealthy swim
a: Heroism, Finesse, Renounce Religion


You were on level 11 of the Dungeon.
You worshipped Okawaru.
Okawaru was extremely pleased with you.
You were hungry.

You visited 2 branches of the dungeon, and saw 13 of its levels.

You collected 550 gold pieces.

Inventory:

Missiles
 a - 122 arrows
Armour
 b - a +1 robe (worn)
 t - a +0 helmet (worn)
 w - a +3 leather armour
 z - a +0 robe of fire resistance
Magical Staves
 M - an uncursed staff of conjuration {unknown}
Jewellery
 e - a +6 amulet of reflection (around neck)
 C - the ring of the Meadowlark {rPois Str-3 Int+6}
   (You acquired it on level 9 of the Dungeon)

   [ring of poison resistance]

   It affects your strength (-3).
   It affects your intelligence (+6).
   It protects you from poison.
 F - a ring of protection from cold (right hand)
Wands
 n - a wand of digging (13)
 q - a wand of flame (32)
 s - a wand of enslavement (8)
 H - a wand of random effects (21)
Scrolls
 i - a scroll of magic mapping
 k - 2 scrolls of blinking
 v - 3 scrolls of teleportation
 y - a scroll of fear
 D - 6 scrolls of identify
 G - 2 scrolls of amnesia
 I - a scroll of fog
 K - a scroll of enchant armour
 L - 2 scrolls of enchant weapon {unknown}
Potions
 g - a potion of berserk rage
 h - 4 potions of haste
 j - a potion of mutation {unknown}
 l - 5 potions of curing
 o - 2 potions of might
 p - 4 potions of heal wounds
 r - a potion of cancellation
 u - a potion of invisibility {unknown}
 x - 3 potions of flight {unknown}
 A - a potion of lignification {unknown}
 B - a potion of brilliance {unknown}
 J - a potion of resistance
Books
 c - a book of Changes

   Spells                             Type                      Level
   a - Beastly Appendage              Transmutation                1
   b - Sticks to Snakes               Transmutation                2
   c - Spider Form                    Transmutation/Poison         3
   d - Ice Form                       Ice/Transmutation            4
   e - Blade Hands                    Transmutation                5
 f - a book of Burglary

   Spells                             Type                      Level
   a - Swiftness                      Charms/Air                   2
   b - Passwall                       Transmutation/Earth          2
   c - Passage of Golubria            Translocation                4
   d - Lee's Rapid Deconstruction     Earth                        5
   e - Darkness                       Hexes                        6
   f - Invisibility                   Hexes                        6
 m - a book of Frost

   Spells                             Type                      Level
   a - Freeze                         Ice                          1
   b - Throw Frost                    Conjuration/Ice              2
   c - Ozocubu's Armour               Charms/Ice                   3
   d - Throw Icicle                   Conjuration/Ice              4
   e - Summon Ice Beast               Ice/Summoning                4
 E - a book of Geomancy

   Spells                             Type                      Level
   a - Sandblast                      Earth                        1
   b - Passwall                       Transmutation/Earth          2
   c - Stone Arrow                    Conjuration/Earth            3
   d - Petrify                        Transmutation/Earth          4
   e - Lee's Rapid Deconstruction     Earth                        5
Comestibles
 d - 21 rations


   Skills:
 + Level 7.5 Fighting
 + Level 9.3 Dodging
 + Level 9.7 Unarmed Combat
 + Level 6.5 Spellcasting
 + Level 3.1 Charms
 + Level 10.9 Transmutations
 - Level 5.0 Ice Magic
 + Level 2.3 Earth Magic
 - Level 3.2 Poison Magic


You couldn't memorise any spells.
You knew the following spells:

 Your Spells              Type           Power        Failure   Level  Hunger
a - Spider Form           Tmut/Pois      ####......   2%          3    ##.....
b - Sticks to Snakes      Tmut           #####...     1%          2    #......
c - Ice Form              Ice/Tmut       ####....     5%          4    ####...
d - Blade Hands           Tmut           #####.....   4%          5    ######.
e - Petrify               Tmut/Erth      ###.....     9%          4    ####...
f - Ozocubu's Armour      Chrm/Ice       ###.....     8%          3    ##.....
g - Passwall              Tmut/Erth      ###.......   1%          2    #......


Dungeon Overview and Level Annotations

Branches:
Dungeon (12/15)            Temple (1/1) D:6            Lair (0/6) D:9
    Orc (0/2) D:11

Altars:
Ashenzari
Cheibriados
Dithmenos
Elyvilon
Fedhas
Gozag
Hepliaklqana
Kikubaaqudgha
Makhleb
Nemelex Xobeh
Okawaru
Qazlal
Ru
Sif Muna
Trog
Uskayaw
Vehumet
Wu Jian
Xom
Yredelemnul
Zin
The Shining One

Shops:
D:5 }(

Annotations:
D:4 1 runed door, Emanloe's ghost, novice DsCK
D:11 exclusions: hydra and iguana
D:12 Thargor's ghost, journeyman DsBe


Message History

The eight-headed hydra misses you.
Casting: Passwall
Confirm with . or Enter, or press ? or * to list all spells.
Which direction?
The eight-headed hydra closely misses you.
The eight-headed hydra barely misses you. x2
You block the eight-headed hydra's attack.
The eight-headed hydra completely misses you.
You block the eight-headed hydra's attack.
The eight-headed hydra bites you! The eight-headed hydra bites you.
You begin to meditate on the wall.
You continue meditating on the rock.
The eight-headed hydra closely misses you.
The eight-headed hydra completely misses you.
The eight-headed hydra misses you. The eight-headed hydra bites you!
* * * LOW HITPOINT WARNING * * *
The eight-headed hydra bites you!
* * * LOW HITPOINT WARNING * * *
You block the eight-headed hydra's attack.
The eight-headed hydra bites you!
You die...

.#..##..#.........#....S#.>....#.
....).............#.._..#......#.
#'#..............########........
..#.##.....(.....# #.###....####
..#....#'#.......# #........#
..#....'.#..[....# #####....#
#.#.#..#.#.......########....####
#.#.#..#.#..........>............
'.'....#.'......@D...............
########.#########....####.......
...#.............#....#..#.#.####
...#.............#....'..#.#.#...
...#.#..##########....#.##...####
#................................
..8≈≈≈≈≈≈≈≈≈≈≈≈≈≈≈≈≈≈≈≈≈≈≈≈≈≈....
'.≈8≈≈≈≈≈≈≈≈≈≈≈≈≈≈≈≈≈≈≈≈≈≈≈≈≈....
(.≈≈.'#####################≈≈....


You could see an eight-headed hydra.

Vanquished Creatures
  Erica (D:10)
  3 two-headed ogres (D:8)
  Nergalle (D:10)
  Pikel (D:9)
  2 hornets (D:11)
  A troll (D:8)
  Prince Ribbit (D:9)
  2 hippogriffs
  A water elemental (D:11)
  A hungry ghost (D:11)
  2 soldier ants (D:11)
  6 orc warriors
  An eye of draining (D:11)
  5 phantoms
  A sky beast (D:9)
  2 ice beasts
  6 ogres
  5 centaurs
  A necrophage (D:7)
  Blork the orc (D:5)
  5 bullfrogs
  2 big kobolds
  A scorpion (D:8)
  3 killer bees
  2 electric eels
  8 wights
  3 howler monkeys
  5 crimson imps
  2 centaur zombies
  3 bullfrog zombies
  4 hounds
  A centaur skeleton (D:11)
  4 orc priests
  3 jellies
  11 orc wizards
  Jessica (D:2)
  An iguana (D:5)
  Terence (D:3)
  5 worker ants
  2 hound skeletons
  2 worker ant zombies
  9 gnolls
  A howler monkey skeleton (D:11)
  6 adders
  2 shadow imps (D:5)
  An adder zombie (D:5)
  An adder skeleton (D:9)
  3 worms
  4 dart slugs
  12 leopard geckos
  43 orcs
  A ball python (D:4)
  8 bats
  6 giant cockroaches
  6 goblins
  6 hobgoblins
  16 jackals
  6 quokkas
  5 frilled lizards
  21 kobolds
  A quokka skeleton (D:5)
  7 rats
278 creatures vanquished.

Vanquished Creatures (collateral kills)
  Sonja (D:11)
  An orc priest (D:10)
2 creatures vanquished.

Vanquished Creatures (others)
  4 slaves (D:9)
  A killer bee (D:9)
  A gnoll (D:9)
  An adder zombie (D:9)
  An orc (D:9)
8 creatures vanquished.

Grand Total: 288 creatures vanquished

Notes
Turn   | Place    | Note
-------+----------+-------------------------------------------
     0 | D:1      | Oravi the Merfolk Transmuter began the quest for the Orb.
     0 | D:1      | Reached XP level 1. HP: 15/15 MP: 3/3
   101 | D:1      | Reached skill level 3 in Transmutations
   285 | D:1      | Reached XP level 2. HP: 19/21 MP: 3/5
   580 | D:1      | Reached XP level 3. HP: 18/26 MP: 4/6
   592 | D:1      | Learned a level 2 spell: Sticks to Snakes
   596 | D:1      | Learned a level 3 spell: Spider Form
   867 | D:2      | Noticed Jessica
   883 | D:2      | Killed Jessica
   883 | D:2      | Reached skill level 4 in Transmutations
   888 | D:2      | HP: 1/26 [quokka (4)]
   899 | D:2      | Reached XP level 4. HP: 32/32 MP: 7/7
  1628 | D:3      | Reached skill level 1 in Poison Magic
  1637 | D:3      | Noticed an ogre
  1941 | D:3      | Reached XP level 5. HP: 30/37 MP: 5/8
  2062 | D:3      | Noticed Terence
  2072 | D:3      | Killed Terence
  2072 | D:3      | Reached skill level 5 in Transmutations
  2102 | D:3      | Killed an ogre
  2102 | D:3      | Reached skill level 5 in Unarmed Combat
  2102 | D:3      | Reached XP level 6. HP: 23/43 MP: 6/9
  2683 | D:4      | Found a sacrificial altar of Ru.
  2811 | D:4      | Reached skill level 6 in Transmutations
  2874 | D:4      | Noticed Emanloe's ghost (novice DsCK)
  3120 | D:4      | Reached XP level 7. HP: 37/48 MP: 6/10
  3481 | D:4      | Found a runed door.
  3783 | D:5      | Entered Level 5 of the Dungeon
  3919 | D:5      | Found a blossoming altar of Fedhas.
  4253 | D:5      | Reached skill level 7 in Transmutations
  4470 | D:5      | Found Carhow's Gadget Shop.
  4538 | D:5      | Reached XP level 8. HP: 39/57 MP: 9/12
  4554 | D:5      | Noticed Blork the orc
  4582 | D:5      | Killed Blork the orc
  4758 | D:5      | Found Pasche's Antique Weapon Emporium.
  5244 | D:6      | Learned a level 4 spell: Ice Form
  5306 | D:6      | Reached skill level 5 in Dodging
  5410 | D:6      | Found a staircase to the Ecumenical Temple.
  5436 | Temple   | Entered the Ecumenical Temple
  5785 | Temple   | Became a worshipper of Warmaster Okawaru
  5832 | D:6      | Reached skill level 8 in Transmutations
  6358 | D:7      | Reached XP level 9. HP: 65/65 MP: 10/14
  6396 | D:7      | Found a stormy altar of Qazlal.
  6518 | D:7      | Reached * piety under Okawaru
  7043 | D:7      | Learned a level 5 spell: Blade Hands
  7117 | D:8      | Noticed a two-headed ogre
  7128 | D:8      | Killed a two-headed ogre
  7128 | D:8      | Reached ** piety under Okawaru
  7128 | D:8      | Reached skill level 5 in Fighting
  7128 | D:8      | Reached skill level 9 in Transmutations
  7128 | D:8      | Reached skill level 1 in Ice Magic
  7407 | D:8      | Noticed a two-headed ogre
  7414 | D:8      | Killed a two-headed ogre
  7414 | D:8      | Reached *** piety under Okawaru
  7414 | D:8      | Reached skill level 5 in Spellcasting
  7414 | D:8      | Reached XP level 10. HP: 30/76 MP: 14/17
  7658 | D:8      | Noticed a two-headed ogre
  7669 | D:8      | Killed a two-headed ogre
  8249 | D:9      | Noticed Pikel
  8331 | D:9      | Reached **** piety under Okawaru
  8378 | D:9      | Reached skill level 10 in Transmutations
  8414 | D:9      | Killed Pikel
  8754 | D:9      | Learned a level 2 spell: Passwall
  8758 | D:9      | Learned a level 3 spell: Ozocubu's Armour
  8761 | D:9      | Noticed Prince Ribbit
  9039 | D:9      | Killed Prince Ribbit
  9116 | D:9      | Found a staircase to the Lair.
  9156 | D:8      | Reached skill level 1 in Charms
  9173 | D:9      | Reached XP level 11. HP: 51/83 MP: 18/20
  9313 | D:9      | Identified a scroll of acquirement
  9314 | D:9      | Got a pitted bronze ring
  9315 | D:9      | Identified the ring of the Meadowlark {rPois Str-3 Int+6} (You acquired it on level 9 of the Dungeon)
  9955 | D:10     | Entered Level 10 of the Dungeon
  9978 | D:10     | Noticed Nergalle
  9993 | D:10     | Noticed a spectral orc warlord
  9996 | D:10     | Killed Nergalle
  9996 | D:10     | Reached skill level 1 in Earth Magic
 10283 | D:10     | Noticed Erica
 10297 | D:10     | Killed Erica
 10807 | D:11     | Reached skill level 5 in Ice Magic
 11694 | D:11     | Found a shimmering altar of Xom.
 11695 | D:11     | Found a shimmering altar of Xom.
 11696 | D:11     | Found a shimmering altar of Xom.
 11696 | D:11     | Found a shimmering altar of Xom.
 11696 | D:11     | Found a shimmering altar of Xom.
 11697 | D:11     | Found a shimmering altar of Xom.
 11893 | D:11     | Noticed Sonja
 11906 | D:11     | Killed Sonja
 11906 | D:11     | Reached ***** piety under Okawaru
 12056 | D:11     | Noticed an eight-headed hydra
 12941 | D:11     | Found a staircase to the Orcish Mines.
 12956 | D:11     | Learned a level 4 spell: Petrify
 13224 | D:12     | Noticed Thargor's ghost (journeyman DsBe)
 13314 | D:12     | Noticed an eight-headed hydra
 13371 | D:11     | Slain by an eight-headed hydra

Skill      XL: |  1  2  3  4  5  6  7  8  9 10 11 |
---------------+----------------------------------+-----
Transmutations | 3 4 5 6 7 8 9 10 | 10.9
Unarmed Combat | 4 5 6 7 8 9 |  9.7
Poison Magic   | 1 2 3 |  3.2
Dodging        | 3 5 7 8 9 |  9.3
Fighting       | 2 4 5 6 7 |  7.5
Spellcasting   | 3 5 6 |  6.5
Ice Magic      | 2 4 5 |  5.0
Charms         | 1 3 |  3.1
Earth Magic    | 2 |  2.3

Action                   |  1- 3 |  4- 6 |  7- 9 | 10-12 || total
-------------------------+-------+-------+-------+-------++-------
Melee: Unarmed           |    89 |   171 |   313 |   391 ||   964
       Headbutt          |     3 |       |       |       ||     3
       Punch             |       |       |       |     2 ||     2
       Tailslap          |       |       |       |     2 ||     2
 Cast: Beastly Appendage |     9 |       |       |       ||     9
       Spider Form       |     1 |    29 |    43 |    38 ||   111
       Sticks to Snakes  |       |       |     6 |    13 ||    19
       Blade Hands       |       |       |       |     5 ||     5
       Petrify           |       |       |       |     5 ||     5
       Ozocubu's Armour  |       |       |       |     2 ||     2
       Passwall          |       |       |       |     2 ||     2
Invok: Heroism           |       |       |     3 |     7 ||    10
 Abil: End Transformatio |       |       |       |     5 ||     5
Evoke: Wand              |       |       |       |    12 ||    12
  Use: Potion            |     1 |       |       |     2 ||     3
       Scroll            |       |    12 |     5 |     4 ||    21
 Stab: Sleeping          |     1 |     1 |     1 |     1 ||     4
       Petrified         |       |       |       |     5 ||     5
       Distracted        |       |       |       |     1 ||     1
  Eat: Chunk             |       |    12 |    14 |    22 ||    48
       Ration            |       |       |     1 |     1 ||     2
Armor: Robe              |    18 |    12 |     3 |     9 ||    42
       Skin              |       |     7 |     4 |     8 ||    19
Dodge: Dodged            |    73 |   159 |   222 |   334 ||   788
Block: Other             |       |       |    23 |    89 ||   112
       Reflection        |       |       |       |     8 ||     8
